 Dungeon Crawl Stone Soup version 0.28.0-53-g5a82cb258f (webtiles) character file.

Game seed: 12029585466011384527

814 safid the Cleaver (level 7, -2/59 HPs)
             Began as a Hill Orc Fighter on Aug 15, 2022.
             Slain by an orc warrior
             ... wielding a +2 short sword of freezing
              (13 damage)
             ... on level 5 of the Dungeon.
             The game lasted 00:04:47 (3767 turns).

safid the Cleaver (Hill Orc Fighter)                Turns: 3767, Time: 00:04:47

Health: -2/59      AC: 10    Str: 21    XL:     7   Next: 93%
Magic:  7/7        EV: 10    Int:  8    God:
Gold:   38         SH:  4    Dex: 10    Spells: 6/6 levels left

rFire   + + +      SeeInvis .   a - +0 war axe
rCold   . . .      Faith    .   c - +0 buckler
rNeg    . . .      Spirit   .   d - +1 ring mail of Plasticity {rPois rF++ Regen+ Stlth+}
rPois   +          Reflect  .   (no helmet)
rElec   .          Harm     .   b - +2 cloak
rCorr   .          Rampage  .   (no gloves)
Will    .....                   (no boots)
Stlth   +.........              (no amulet)
HPRegen 0.99/turn               i - ring of protection from fire
MPRegen 0.10/turn               (no ring)

@: no status effects
A: no striking features
a: no special abilities


You were on level 5 of the Dungeon.
You visited 1 branch of the dungeon, and saw 5 of its levels.

You collected 122 gold pieces.
You spent 84 gold pieces at shops.

Inventory:

Hand Weapons
 a - a +0 war axe (weapon)
Missiles
 l - 5 javelins (quivered)
Armour
 b - a +2 cloak (worn)
 c - a +0 buckler (worn)
 d - the +1 ring mail of Plasticity (worn) {rPois rF++ Regen+ Stlth+}
   (You found it on level 2 of the Dungeon)

   rF:        It greatly protects you from fire.
   rPois:     It protects you from poison.
   Regen:     It increases your rate of health regeneration.
   Stlth:     It makes you more stealthy.
Jewellery
 i - a ring of protection from fire (left hand)
Wands
 s - a wand of digging (4)
Scrolls
 e - 2 scrolls of immolation {unknown}
 f - 5 scrolls of identify
 j - a scroll of blinking {unknown}
 k - 2 scrolls of teleportation {unknown}
 m - a scroll of fog {unknown}
 p - a scroll of vulnerability {unknown}
 t - 4 scrolls of enchant armour {unknown}
Potions
 g - 4 potions of heal wounds {unknown}
 h - a potion of mutation {unknown}
 n - a potion of curing
 o - a potion of brilliance {unknown}
 q - 3 potions of attraction {unknown}
 r - a potion of lignification {unknown}


   Skills:
 - Level 4.0 Fighting
 + Level 10.7 Axes
 - Level 4.0 Armour
 - Level 4.0 Shields


You had 6 spell levels left.
You didn't know any spells.
Your spell library was empty.

Dungeon Overview and Level Annotations

Branches:
Dungeon (5/15)
 Temple: D:4-7

Altars:
Cheibriados
Makhleb
Qazlal

Shops:
D:1 ?   D:4 ?


Message History

The killer bee zombie closely misses you.
Something hits you. Something shocks you.
You closely miss the orc warrior.
The orc warrior is heavily wounded.
You miss something. You slash the killer bee zombie!
You destroy the killer bee zombie!
The orc warrior hits you with a +2 short sword of freezing!
The orc warrior freezes you. Something hits you but does no damage.
The orc warrior hits you but does no damage.
You hit the orc warrior.
The orc warrior is severely wounded.
You barely miss something. Something hits you. Something shocks you.
The orc warrior hits you with a +2 short sword of freezing.
The orc warrior freezes you.
Unknown command.
You closely miss the orc warrior.
The orc warrior is severely wounded.
You closely miss something. Something hits you. Something shocks you.
The orc warrior hits you with a +2 short sword of freezing.
* * * LOW HITPOINT WARNING * * *
The orc warrior freezes you.
* * * LOW HITPOINT WARNING * * *
You closely miss the orc warrior.
The orc warrior is severely wounded.
You closely miss something.
A sky beast appears from thin air!
Reactivating autopickup.
The sky beast hits you but does no damage.
Unknown command.
You hit the orc warrior but do no damage.
The orc warrior is severely wounded.
You barely miss the sky beast. You block the orc warrior's attack.
The sky beast hits you.
* * * LOW HITPOINT WARNING * * *
The sky beast shocks you.
* * * LOW HITPOINT WARNING * * *
You slash the orc warrior!
The orc warrior is almost dead.
You barely miss the sky beast.
The orc warrior hits you with a +2 short sword of freezing!
You die...

#).... #.... . #....
.# .... .# #..h#
#######..# .#
.....###....##..#.##
#..#.#.#....#Yo...##
#....#.......@.....#
#.......^...)......#
#..................
##....<.............
#..?................
##.#<......[........
#................
.................
##.........


You could see an orc warrior and a sky beast.

Vanquished Creatures
  Sigmund (D:4)
  A wraith (D:5)
  An ogre (D:2)
  A phantom (D:5)
  A scorpion (D:4)
  A howler monkey (D:4)
  A hound (D:5)
  A bullfrog skeleton (D:4)
  Terence (D:2)
  A killer bee zombie (D:5)
  A howler monkey skeleton (D:4)
  5 adders
  2 adder skeletons (D:4)
  4 worms
  A dart slug (D:3)
  3 orcs
  3 ball pythons
  8 bats
  8 endoplasms
  2 giant cockroaches
  5 goblins
  9 hobgoblins
  4 jackals
  3 quokkas
  3 frilled lizards
  9 kobolds
  3 rats
83 creatures vanquished.

Vanquished Creatures (others)
  7 toadstools (D:1)
7 creatures vanquished.

Grand Total: 90 creatures vanquished

Notes
Turn   | Place    | Note
-------+----------+-------------------------------------------
     0 | D:1      | safid the Hill Orc Fighter began the quest for the Orb.
     0 | D:1      | Reached XP level 1. HP: 19/19 MP: 1/1
   214 | D:1      | Reached XP level 2. HP: 26/27 MP: 2/2
   216 | D:1      | Reached skill level 3 in Axes
   620 | D:1      | Found Potaot's Magic Scroll Shoppe.
   690 | D:1      | Reached XP level 3. HP: 33/33 MP: 3/3
   780 | D:1      | Found a faded altar of an unknown god.
  1347 | D:2      | Found a stormy altar of Qazlal.
  1366 | D:2      | Noticed Terence
  1376 | D:2      | Killed Terence
  1377 | D:2      | Reached skill level 4 in Axes
  1377 | D:2      | Reached XP level 4. HP: 21/40 MP: 4/4
  1709 | D:2      | Noticed an ogre
  1715 | D:2      | Killed an ogre
  1716 | D:2      | Reached skill level 6 in Axes
  1716 | D:2      | Reached XP level 5. HP: 22/46 MP: 5/5
  2061 | D:2      | Identified the +1 ring mail of Plasticity {rPois rF++
                  | Regen+ Stlth+}
  3218 | D:4      | Reached skill level 7 in Axes
  3218 | D:4      | Reached XP level 6. HP: 43/52 MP: 6/6
  3220 | D:4      | Identified the -4 pair of gloves of the Banana {Will+ Int+2
                  | Dex+4}
  3255 | D:4      | Found Bal Xor's Magic Scroll Boutique.
  3269 | D:4      | Bought a scroll of identify for 28 gold pieces
  3269 | D:4      | Bought a scroll of identify for 28 gold pieces
  3269 | D:4      | Bought a scroll of identify for 28 gold pieces
  3363 | D:4      | Reached skill level 8 in Axes
  3369 | D:4      | Noticed Sigmund
  3376 | D:4      | Killed Sigmund
  3377 | D:4      | Reached skill level 9 in Axes
  3377 | D:4      | Reached XP level 7. HP: 54/59 MP: 7/7
  3604 | D:4      | Found a snail-covered altar of Cheibriados.
  3604 | D:4      | Found a burning altar of Makhleb.
  3741 | D:5      | Entered Level 5 of the Dungeon
  3746 | D:5      | Noticed a wraith
  3756 | D:5      | Killed a wraith
  3757 | D:5      | Reached skill level 10 in Axes
  3767 | D:5      | Slain by an orc warrior

Illustrated notes

Levels and vault maps discovered:
D:1:      nagdon_arrival_double_spiral, layout_basic,
          dreamdust_ecumenical_altar_statues, serial_shops, shop
D:2:      layout_loops_ring, basic_altar, solitary_fountain,
          small_statue_intersection, minivault_25, uniq_terence
D:3:      layout_basic, small_statue_intersection, kennysheep_cross_room,
          roderic_lattice_a
D:4:      layout_basic, gammafunk_temple_overflow_elements, serial_shops,
          nicolae_shop_crystal, minmay_box_of_dots, uniq_sigmund
D:5:      layout_cave_pools, serial_shops, nicolae_shop_bloodbath_and_beyond,
          hellmonk_ghost_happy_afterlife, enter_ossuary_5,
          minmay_misc_feat_rugged, minmay_manual_monstrance

Skill      XL: |  1  2  3  4  5  6  7 |
---------------+----------------------+-----
Axes           | 3 4 6 7 9 10 | 10.7
Fighting       | 4 |  4.0
Armour         | 4 |  4.0
Shields        | 4 |  4.0

Action                   |  1- 3 |  4- 6 |  7- 9 || total
-------------------------+-------+-------+-------++-------
Melee: War axe           |   109 |   119 |    44 ||   272
  Use: Potion            |       |     1 |       ||     1
 Stab: Sleeping          |       |     1 |       ||     1
Armor: Scale mail        |    41 |       |       ||    41
       Chain mail        |    46 |    19 |       ||    65
       Ring mail         |       |    28 |    39 ||    67
Dodge: Dodged            |    39 |    39 |    22 ||   100
Block: Buckler           |    23 |    36 |     8 ||    67
